 Dungeon Crawl Stone Soup version 0.28-a0-1594-ga885d4b3d6 (webtiles) character file.

Game seed: 4176025177738010911

513 testman the Magician (level 7, -1/52 HPs)
             Began as a Djinni Hedge Wizard on Jan 21, 2022.
             Was a Believer of Qazlal.
             Killed by their own static electricity (2 damage)
             ... on level 5 of the Dungeon.
             The game lasted 00:18:57 (6111 turns).

testman the Magician (Djinni Hedge Wizard)          Turns: 6111, Time: 00:18:58

Health: -1/52      AC:  4    Str:  9    XL:     7   Next: 43%
Gold:   161        EV: 12    Int: 17    God:    Qazlal [**....] SH:  3 Dex: 13

rFire   + + .      SeeInvis .   a - +0 dagger
rCold   x . .      Faith    .   (no shield)
rNeg    . . .      Spirit   .   b - +0 robe
rPois   ∞          Reflect  .   j - +1 helmet
rElec   .          Harm     .   (no cloak)
rCorr   .          Rampage  .   (no gloves)
Will    .....                   (boots unavailable)
Stlth   +.........              n - amulet of the acrobat
HPRegen 0.17/turn               (no ring)
MPRegen 0.00/turn               (no ring)

@: flying
A: sickness immunity, fire resistance 2, cold vulnerability 1, float, innate
caster, hp casting, extra vitality 1
a: Renounce Religion, Upheaval


You were on level 5 of the Dungeon.
You worshipped Qazlal.
Qazlal was pleased with you.
You visited 1 branch of the dungeon, and saw 5 of its levels.

You collected 161 gold pieces.

Inventory:

Hand Weapons
 a - a +0 dagger (weapon)
 d - a +0 hunting sling
Missiles
 h - 102 stones
 r - 26 sling bullets
Armour
 b - a +0 robe (worn)
 j - a +1 helmet (worn)
Magical Staves
 e - a staff of conjuration
Jewellery
 n - an amulet of the acrobat (around neck)
Scrolls
 f - a scroll of fog
 g - a scroll of enchant weapon {unknown}
 i - 4 scrolls of teleportation
 k - a scroll of fear
 o - 2 scrolls of immolation
Potions
 c - a potion of heal wounds {unknown}
 p - a potion of might
 q - 4 potions of curing {unknown}


   Skills:
 + Level 4.1 Fighting
 - Level 2.1 Dodging
 - Level 1.5 Stealth
 + Level 4.1 Spellcasting
 + Level 3.6 Invocations


You couldn't memorise any spells.
You knew the following spells:

 Your Spells              Type           Power      Damage    Failure   Level
a - Magic Dart            Conj           68%        1d6       2%          1
b - Blink                 Tloc           34%        N/A       4%          2
c - Call Imp              Summ           17%        N/A       4%          2
d - Slow                  Hex            68%        N/A       2%          1
e - Conjure Flame         Conj/Fire      17%        6-21      9%          3
f - Mephitic Cloud        Conj/Pois/Air  17%        N/A       9%          3
g - Apportation           Tloc           34%        N/A       2%          1
h - Static Discharge      Conj/Air       17%        N/A       4%          2
i - Summon Guardian Gole  Hex/Summ       17%        N/A       9%          3
Your spell library was empty.

Dungeon Overview and Level Annotations

Branches:
Dungeon (5/15)
 Temple: D:4-7

Altars:
Elyvilon
Nemelex Xobeh
Qazlal

Shops:
D:2 ((*   D:3 ?:


Innate Abilities, Weirdness & Mutations

You are immune to sickness and miasma.
You are immune to poison.
Your flesh is very heat resistant. (rF++)
You are vulnerable to cold. (rC-)
You float through the air rather than walking.
You learn spells naturally, not from books.
Your magical power is your life essence.
You have superior vitality. (+4 MHP)


Message History

The howler monkey skeleton barely misses you.
Casting: Static Discharge (safe; 4% risk of failure)
Confirm with . or Enter, or press ? or * to list all spells.
The howler monkey skeleton is struck by an arc of lightning!
The howler monkey skeleton is almost destroyed.
The lightning grounds out.
The howler monkey skeleton hits you.
Unknown command.
Casting: Static Discharge (safe; 4% risk of failure)
Confirm with . or Enter, or press ? or * to list all spells.
The howler monkey skeleton is struck by an arc of lightning.
You destroy the howler monkey skeleton!
Qazlal accepts your kill.
You are struck by an arc of lightning.
* * * LOW HITPOINT WARNING * * *
The lightning grounds out.
* * * LOW HITPOINT WARNING * * *
Casting: Static Discharge (safe; 4% risk of failure)
Confirm with . or Enter, or press ? or * to list all spells.
The hound skeleton is struck by an arc of lightning.
The hound skeleton is moderately damaged.
You are struck by an arc of lightning.
* * * LOW HITPOINT WARNING * * *
The lightning grounds out.
* * * LOW HITPOINT WARNING * * *
You block the hound skeleton's attack.
Casting: Static Discharge (safe; 4% risk of failure)
Confirm with . or Enter, or press ? or * to list all spells.
The hound skeleton is struck by an arc of lightning.
The hound skeleton is heavily damaged.
You are struck by an arc of lightning.
* * * LOW HITPOINT WARNING * * *
The lightning grounds out.
* * * LOW HITPOINT WARNING * * *
The hound skeleton closely misses you.
Casting: Static Discharge (safe; 4% risk of failure)
Confirm with . or Enter, or press ? or * to list all spells.
The hound skeleton is struck by an arc of lightning.
The hound skeleton is severely damaged.
You are struck by an arc of lightning.
You die...

## ### ...
..# .... #.#
##...##.####
...........#
#.# #Z# #@#
#.# #.# ..#
..# ...#
...# #....


You could see a hound skeleton.

Vanquished Creatures
  A water moccasin (D:4)
  A black bear (D:3)
  A necrophage (D:5)
  A scorpion (D:4)
  A howler monkey skeleton (D:5)
  7 adders
  An ufetubus (D:4)
  A worm (D:4)
  5 dart slugs
  An orc (D:3)
  6 endoplasms
  3 giant cockroaches
  7 goblins
  9 hobgoblins
  A quokka (D:1)
  10 ball pythons
  6 bats
  5 frilled lizards
  A jackal skeleton (D:3)
  4 kobolds
  7 rats
79 creatures vanquished.

Notes
Turn   | Place    | Note
-------+----------+-------------------------------------------
     0 | D:1      | testman the Djinni Hedge Wizard began the quest for the
                  | Orb.
     0 | D:1      | Reached XP level 1. HP: 15/15 MP: 0/0
   157 | D:1      | Found a faded altar of an unknown god.
   171 | D:1      | Prayed at the altar of an unknown god.
   171 | D:1      | Became a worshipper of Qazlal Stormbringer
   171 | D:1      | Reached * piety under Qazlal
   193 | D:1      | Reached skill level 1 in Fighting
   193 | D:1      | Reached XP level 2. HP: 11/22 MP: 0/0
  1135 | D:1      | Reached XP level 3. HP: 8/27 MP: 0/0
  1135 | D:1      | Learned a level 1 spell: Apportation
  1589 | D:1      | Reached ** piety under Qazlal
  2073 | D:2      | Found Fuarast's General Store.
  2299 | D:2      | Reached XP level 4. HP: 25/33 MP: 0/0
  2371 | D:2      | Found Mickon's Antique Weapon Boutique.
  2560 | D:2      | Reached skill level 1 in Invocations
  3472 | D:2      | Found Fimn's Weapon Boutique.
  3917 | D:3      | Reached XP level 5. HP: 34/39 MP: 0/0
  3917 | D:3      | Learned a level 2 spell: Static Discharge
  4043 | D:3      | Noticed a black bear
  4047 | D:3      | Killed a black bear
  4048 | D:3      | Reached XP level 6. HP: 28/46 MP: 0/0
  4313 | D:3      | Found Cohus's Book Shop.
  4596 | D:3      | Found Myevuada's Magic Scroll Emporium.
  5544 | D:4      | Found a sparkling altar of Nemelex Xobeh.
  5544 | D:4      | Found a white marble altar of Elyvilon.
  5689 | D:4      | Noticed a water moccasin
  5695 | D:4      | Killed a water moccasin
  5696 | D:4      | Reached XP level 7. HP: 46/51 MP: 0/0
  5696 | D:4      | Learned a level 3 spell: Summon Guardian Golem
  6089 | D:5      | Entered Level 5 of the Dungeon
  6111 | D:5      | Killed from afar by themself

Illustrated notes

Levels and vault maps discovered:
D:1:      dpeg_arrival_tiny_c, layout_loops_ring,
          chequers_ecumenical_altar_simple_redux
D:2:      layout_basic, serial_shops, nicolae_shop_stone,
          nicolae_shop_statue_plus, shop_fountains
D:3:      layout_basic, serial_shops, nicolae_lakefront_shop, shop
D:4:      layout_loops_ring, nicolae_overflow_hidden_temple,
          minmay_misc_feat_encased
D:5:      layout_loops_ring, minitemple, minmay_temple_entry_overgrown,
          minmay_shop_enchanted_jewellery, chequers_serial_rivers_micro_d

Skill      XL: |  1  2  3  4  5  6  7 |
---------------+----------------------+-----
Fighting       | 1 2 3 4 |  4.1
Spellcasting   | 3 4 |  4.1
Invocations    | 1 2 3 |  3.6
Dodging        | |  2.1
Stealth        | |  1.5

Action                   |  1- 3 |  4- 6 |  7- 9 || total
-------------------------+-------+-------+-------++-------
Melee: Dagger            |    89 |   172 |    13 ||   274
       Punch             |       |     6 |       ||     6
 Fire: Hunting sling     |       |     4 |       ||     4
 Cast: Magic Dart        |    55 |    57 |     7 ||   119
       Conjure Flame     |       |     3 |       ||     3
       Static Discharge  |       |     1 |     9 ||    10
Invok: Upheaval          |       |     1 |       ||     1
  Use: Scroll            |       |     9 |       ||     9
 Stab: Sleeping          |     1 |       |       ||     1
Armor: Robe              |    18 |    31 |     1 ||    50
Dodge: Dodged            |    57 |   119 |    10 ||   186
Block: Other             |       |    12 |     2 ||    14

Table legend: (Time is in decaauts)
 A = Elapsed time spent in this place.
 B = Non-inter-level travel time spent in this place.
 C = Inter-level travel time spent in this place.
 D = Time resting spent in this place.
 E = Time spent auto-exploring this place.
 F = Levels seen in this place.
 G = Mean time per level.
                   A        B        C        D        E       F      G
               +--------+--------+--------+--------+--------+-----+--------+
         Total |   6107 |   5973 |    134 |   2105 |   3139 |   5 | 1221.4 |
       Dungeon |   6107 |   5973 |    134 |   2105 |   3139 |   5 | 1221.4 |
               +--------+--------+--------+--------+--------+-----+--------+

Top non-repeatable levels by time:
     D:1: 2035 daAuts
     D:2: 1840 daAuts
     D:4: 1157 daAuts
     D:3: 1052 daAuts
     D:5: 21 daAuts
